 Dungeon Crawl Stone Soup version 0.25.1-2-g60ff931df9 (webtiles) character file.

Game seed: 10841542037752197821

86 DogServant the Sneak (level 4, -2/27 HPs)
             Began as an Octopode Wizard on Nov 10, 2020.
             Was an Initiate of Ashenzari.
             Shot with an arrow by a centaur (9 damage)
             ... on level 3 of the Dungeon.
             The game lasted 00:04:28 (2988 turns).

DogServant the Sneak (Octopode Wizard)              Turns: 2988, Time: 00:04:29

Health: -2/27      AC:  1    Str:  6    XL:     4   Next: 50%
Magic:  5/9        EV: 13    Int: 21    God:    Ashenzari [......]
Gold:   125        SH:  0    Dex: 10    Spells: 2/10 levels left

rFire    . . .     SeeInvis .   (no weapon)
rCold    . . .     Gourm    .   (no shield)
rNeg     . . .     Faith    .   a - +0 hat
rPois    .         Spirit   .   (no amulet)
rElec    .         Reflect  .   (no ring)
rCorr    .         Harm     .   (no ring)
MR       .....                  (no ring)
Stlth    +++.......             (no ring)
HPRegen  0.09/turn              (no ring)
MPRegen  0.11/turn              (no ring)
                                (no ring)
                                (no ring)

@: no status effects
A: almost no armour, stealthy swim, amphibious, 8 rings, constrict 8, camouflage
1, gelatinous body 1
a: Curse Item, Renounce Religion


You were on level 3 of the Dungeon.
You worshipped Ashenzari.
Ashenzari was noncommittal.
You were not hungry.

You visited 1 branch of the dungeon, and saw 4 of its levels.

You collected 125 gold pieces.

Inventory:

Armour
 a - a +0 hat (worn)
 n - a +0 buckler
Wands
 o - a wand of flame (9)
 v - a wand of random effects (18)
Scrolls
 b - 10 scrolls of identify {unknown}
 e - 3 scrolls of remove curse
 i - 5 scrolls of teleportation {unknown}
 k - 2 scrolls of immolation {unknown}
 m - a scroll of amnesia {unknown}
 p - a scroll of magic mapping {unknown}
 t - a scroll of enchant armour {unknown}
 u - a scroll of random uselessness {unknown}
Potions
 d - 2 potions of invisibility {unknown}
 f - a potion of heal wounds {unknown}
 g - 2 potions of lignification {unknown}
 h - 4 potions of curing {unknown}
 j - a potion of brilliance {unknown}
 l - a potion of degeneration {unknown}
 q - 2 potions of ambrosia {unknown}
 s - a potion of might {unknown}
Comestibles
 c - 6 rations
 r - 2 chunks of flesh


   Skills:
 - Level 2.0 Dodging
 - Level 4.0 Stealth
 + Level 3.6 Spellcasting
 + Level 2.3 Conjurations
 - Level 1.0 Summonings
 - Level 1.0 Translocations
 + Level 1.0 Air Magic
 + Level 1.0 Poison Magic


You had 2 spell levels left.
You knew the following spells:

 Your Spells              Type           Power        Failure   Level  Hunger
a - Magic Dart            Conj           ##..         4%          1    None
b - Blink                 Tloc           N/A          13%         2    ##.....
c - Call Imp              Summ           #.......     13%         2    ##.....
d - Mephitic Cloud        Conj/Pois/Air  #.......     21%         3    ###....

Your spell library contained the following spells:

 Spells                   Type           Power        Failure   Level  Hunger
 Slow                     Hex            #.......     19%         2    ##.....
 Conjure Flame            Conj/Fire      #.......     24%         3    ###....


Dungeon Overview and Level Annotations

Branches:
Dungeon (4/15)
 Temple: D:4-7

Altars:
Ashenzari


Innate Abilities, Weirdness & Mutations

You cannot wear most types of armour.
You are very stealthy in the water. (Stealth+)
You are amphibious.
You can wear up to eight rings at the same time.
You can use your tentacles to constrict eight enemies at once.
Your skin changes colour to match your surroundings (Stealth+).
Your rubbery body absorbs attacks. (AC +1, EV +1)


Message History

r - 2 chunks of flesh (gained 1)
You see here a bat skeleton. x2
u - a scroll labeled GOORGH XUMEUW You now have 125 gold pieces (gained 9).
v - a wand of random effects (18)
Found 14 sling bullets.
The centaur is too close now for your liking.
Casting: Magic Dart (safe; 4% risk of failure)
Confirm with . or Enter, or press ? or * to list all spells.
A beastly little devil appears in a puff of frigid air.
The centaur shouts!
The centaur wields a +0 shortbow.
The centaur shoots an arrow.
The arrow hits you!
Casting: Call Imp (safe; 13% risk of failure)
Confirm with . or Enter, or press ? or * to list all spells.
A beastly little devil appears in a puff of flame.
The centaur shoots an arrow.
The arrow hits you!
* * * LOW HITPOINT WARNING * * *
The centaur shoots an arrow.
The arrow hits you!
You die...

##### ##...### ##########
##...... ##........#
###.....# #.#
..........###...#...# #.#
......(...#...##5..(# #.#
.......c........@...# #.#
............c####(..# #.#
................(...# #.#
........#.......#######.#
.....#........5.### #..#
..##.#.##.........####.##
###.... #.......#...#..#
#...#.###.......###...##
..###.# #.......###..##


You could see a centaur and a friendly crimson imp (summoned).

Vanquished Creatures
  An adder (D:2)
  An ooze (D:1)
  2 dart slugs
  4 leopard geckos (D:1)
  2 orcs
  12 bats
  A giant cockroach (D:3)
  3 goblins (D:1)
  11 hobgoblins
  2 jackals (D:3)
  A quokka (D:3)
  4 frilled lizards
  9 kobolds
  6 rats
59 creatures vanquished.

Vanquished Creatures (collateral kills)
  A worm (D:2)
1 creature vanquished.

Grand Total: 60 creatures vanquished

Notes
Turn   | Place    | Note
-------+----------+-------------------------------------------
     0 | D:1      | DogServant the Octopode Wizard began the quest for the Orb.
     0 | D:1      | Reached XP level 1. HP: 11/11 MP: 4/4
   141 | D:1      | Reached skill level 3 in Stealth
   180 | D:1      | Reached XP level 2. HP: 17/17 MP: 0/6
   326 | D:1      | Reached XP level 3. HP: 14/21 MP: 0/7
   881 | D:1      | Learned a level 2 spell: Blink
   884 | D:1      | Learned a level 2 spell: Call Imp
   888 | D:1      | Learned a level 3 spell: Mephitic Cloud
  1473 | D:2      | Found a faded altar of an unknown god.
  1892 | D:2      | Reached XP level 4. HP: 18/27 MP: 5/9
  2046 | D:2      | Reached skill level 4 in Stealth
  2506 | D:3      | Noticed a centaur
  2679 | D:4      | Found a shattered altar of Ashenzari.
  2698 | D:4      | Became a worshipper of Ashenzari the Shackled
  2767 | D:3      | Reached skill level 1 in Air Magic
  2769 | D:3      | Reached skill level 1 in Poison Magic
  2988 | D:3      | Shot with an arrow by a centaur

Illustrated notes

Levels and vault maps discovered:
D:1:      saegor_arrival_simple_e, layout_loops_ring
D:2:      layout_basic, chequers_ecumenical_altar_simple_redux, nrook_campfire
D:3:      layout_rooms, grunt_temple_overflow_champion_of_chaos
D:4:      layout_basic, evilmike_ruin_ashenzari, old_standard_altar,
          minmay_temple_entry_arrows, uniq_pikel

Skill      XL: |  1  2  3  4 |
---------------+-------------+-----
Stealth        | 3 4 |  4.0
Conjurations   | 2 |  2.3
Air Magic      | 1 |  1.0
Poison Magic   | 1 |  1.0
Dodging        | |  2.0
Spellcasting   | |  3.6
Summonings     | |  1.0
Translocations | |  1.0

Action                   |  1- 3 |  4- 6 || total
-------------------------+-------+-------++-------
Melee: Unarmed           |    51 |    20 ||    71
       Constrict         |    12 |     5 ||    17
       Tentacles         |     8 |     4 ||    12
 Cast: Magic Dart        |    71 |    43 ||   114
       Call Imp          |     3 |     2 ||     5
       Blink             |       |     3 ||     3
 Stab: Sleeping          |     1 |     1 ||     2
  Eat: Chunk             |     3 |     2 ||     5
       Ration            |       |     1 ||     1
Armor: Skin              |     7 |     7 ||    14
Dodge: Dodged            |    35 |    38 ||    73
